AoeStats
← bananin.cxs

Arena

510464168Analyzed
2v2 RM · 3d ago on Oct 1, 2026· 45m 29s· 4 players
Game mode
Random Map
Map size
Medium (4 player)
Population
200
Speed
Normal
Resources
Standard
Victory
Conquest
Starting age
Dark Age
Ending age
Imperial Age
RankedLock teamsTeams togetherTeam positionsShared explorationLock speedFull tech treeHidden civsTurbo modeCheats
Victory
Defeat
🇨🇱 Turks · Chile
1133
+10
🇨🇱 Spanish · Chile
938
+18
🇺🇸 Lithuanians · United States
1005
-33
🇺🇸 Mongols · United States
965
-31
ofallonaustin
9:07 Feudal Age
9:38 Double-Bit Axe
9:36 Horse Collar
12:36 Wheelbarrow
16:15 Castle Age
22:28 Bloodlines
22:18 Husbandry
23:13 Light Cavalry
28:18 Bow Saw
32:32 Scale Barding Armor
32:38 Forging
38:52 Imperial Age
37:36 Chain Barding Armor
43:07 Conscription
43:10 Winged Hussar
archangel2001
11:22 Feudal Age
10:46 Loom
13:04 Wheelbarrow
12:25 Double-Bit Axe
17:20 Castle Age
18:44 Padded Archer Armor
18:34 Fletching
23:46 Bodkin Arrow
27:39 Leather Archer Armor
28:29 Bow Saw
31:20 Thumb Ring
34:15 Ballistics
34:53 Bloodlines
34:44 Husbandry
43:43 Imperial Age
bananin.cxs
4:39 Loom
11:43 Feudal Age
13:29 Double-Bit Axe
15:47 Castle Age
13:30 Horse Collar
13:55 Gold Mining
16:57 Bow Saw
17:10 Heavy Plow
22:12 Atonement
26:07 Wheelbarrow
29:28 Imperial Age
29:34 Padded Archer Armor
29:26 Fletching
30:30 Scale Barding Armor
30:37 Forging
30:40 Bloodlines
30:31 Husbandry
32:58 Bodkin Arrow
33:06 Town Watch
37:38 Town Patrol
38:00 Hand Cart
42:16 Ballistics
44:14 Two-Man Saw
45:24 Chain Barding Armor
45:40 Iron Casting
44:50 Heavy Camel Rider
franquitochile
5:46 Loom
11:27 Feudal Age
15:59 Castle Age
14:09 Stone Mining
14:47 Double-Bit Axe
14:47 Horse Collar
16:51 Fletching
18:16 Padded Archer Armor
18:18 Town Watch
27:44 Bodkin Arrow
30:11 Gold Mining
30:25 Heavy Plow
31:54 Wheelbarrow
31:51 Bow Saw
36:42 Imperial Age
38:24 Imperial Age
36:13 Hand Cart
40:11 Chemistry
39:07 Murder Holes
39:24 Husbandry
39:35 Bloodlines
38:49 Cavalier
42:21 Ballistics
42:12 Masonry
42:04 Town Patrol
42:13 Scale Barding Armor
42:19 Forging
42:09 Bracer
42:24 Leather Archer Armor
41:49 Paladin
44:20 Conscription
43:34 Man-at-Arms
44:57 Chain Barding Armor
45:13 Iron Casting
Connection lost

Rejoining the realm…

Still unreachable

The connection could not be restored.

Session expired

The server has moved on; the page needs a fresh start.